 Dungeon Crawl Stone Soup version 0.29-a0-823-gc37b1572da (webtiles) character file.

Game seed: 12193166970841001181

11 tsouns the Shield-Bearer (level 2, -2/26 HPs)
             Began as a Meteoran Fighter on July 8, 2022.
             Was an Initiate of Ashenzari.
             Frozen to death by an endoplasm (4 damage)
             ... on level 2 of the Dungeon.
             The game lasted 00:01:22 (129 turns).

tsouns the Shield-Bearer (Meteoran Fighter)          Turns: 129, Time: 00:01:22

Health: -2/26      AC:  7    Str: 17    XL:     2   Next: 52%
Magic:  3/3        EV:  9    Int:  9    God:    Ashenzari [......]
Gold:   20         SH:  5    Dex: 13    Spells: 1/1 levels left

rFire   . . .      SeeInvis .   a - +0 flail
rCold   . . .      Faith    .   c - +0 buckler
rNeg    . . .      Spirit   .   b - +0 scale mail
rPois   .          Reflect  .   (no helmet)
rElec   .          Harm     .   (no cloak)
rCorr   .          Rampage  .   (no gloves)
Will    .....                   (no boots)
Stlth   ..........              (no amulet)
HPRegen 0.08/turn               (no ring)
MPRegen 0.08/turn               (no ring)

@: lethally poisoned (-2 -> -6), glowing
A: sense surroundings 1, otherworldly, glowing, explore regen
a: Renounce Religion, Curse Item


You were on level 2 of the Dungeon.
You worshipped Ashenzari.
Ashenzari was noncommittal.
You visited 1 branch of the dungeon, and saw 2 of its levels.

You collected 20 gold pieces.

Inventory:

Hand Weapons
 a - a +0 flail (weapon)
Armour
 b - a +0 scale mail (worn)
 c - a +0 buckler (worn)
Scrolls
 e - a scroll of fog {unknown}
 f - a scroll of noise {unknown}
Potions
 d - a potion of might
 g - a potion of lignification {unknown}


   Skills:
 + Level 3.4 Fighting
 + Level 3.0 Maces & Flails
 + Level 3.8 Armour
 + Level 3.8 Shields


You had one spell level left.
You didn't know any spells.
Your spell library was empty.

Dungeon Overview and Level Annotations

Branches:
Dungeon (2/15) Zot: 1062

Altars:
Ashenzari


Innate Abilities, Weirdness & Mutations

You passively map a small area around you.
You are easily found by Zot.
You glow in the dark.
You regain HP and MP as you explore.


Message History

You barely miss the quokka. You block the quokka's attack. x2
You hit the quokka.
You kill the quokka!
The endoplasm barely misses you. The endoplasm freezes you.
You are frozen.
The adder bites you but does no damage.
You thump the adder!
The adder is almost dead.
The adder bites you. The endoplasm freezes you.
You are frozen.
You closely miss the adder.
The adder is almost dead.
You block the adder's attack. The endoplasm freezes you.
You are frozen.
The adder barely misses you.
You closely miss the adder.
The adder is almost dead.
You block the adder's attack. The endoplasm barely misses you.
The adder barely misses you. You block the endoplasm's attack.
You closely miss the adder.
The adder is severely wounded.
The adder bites you.
You are poisoned.
The adder poisons you! The endoplasm hits you.
You miss the adder.
The adder is severely wounded.
You feel sick. The adder bites you but does no damage.
The endoplasm freezes you.
You are frozen.
* * * LOW HITPOINT WARNING * * *
The adder bites you.
* * * LOW HITPOINT WARNING * * *
You hit the adder.
You kill the adder!
* * * LOW HITPOINT WARNING * * *
You feel sick. The endoplasm freezes you.
You are frozen.
You die...

, #.# ,,, * #.#
#.# * , ... , *
* ##.## , ,,...
* * , *#J# * ,
#@# # *,* ,
#^###†###.###.#
#..............
####..........#
#..###.##### *
#..# *.#* *
#..# . ,, #..#
**## * #..# *


You could see an endoplasm.

Vanquished Creatures
  An adder (D:2)
  3 bats (D:1)
  An endoplasm (D:1)
  2 goblins (D:1)
  A hobgoblin (D:1)
  A quokka (D:2)
  A rat (D:1)
10 creatures vanquished.

Notes
Turn   | Place    | Note
-------+----------+-------------------------------------------
     0 | D:1      | tsouns the Meteoran Fighter began the quest for the Orb.
     0 | D:1      | Reached XP level 1. HP: 19/19 MP: 2/2
    51 | D:1      | Found a faded altar of an unknown god.
    62 | D:1      | Prayed at the altar of an unknown god.
    62 | D:1      | Became a worshipper of Ashenzari the Shackled
    76 | D:1      | Reached XP level 2. HP: 21/26 MP: 3/3
   129 | D:2      | Frozen to death by an endoplasm

Illustrated notes

Levels and vault maps discovered:
D:1:      lemuel_arrival_cross, layout_basic, serial_shops,
          nicolae_lakefront_shop, ebering_ecumenical_altar_abandoned
D:2:      layout_loops_ring

Skill      XL: |  1  2 |
---------------+-------+-----
Maces & Flails | 3 |  3.0
Fighting       | |  3.4
Armour         | |  3.8
Shields        | |  3.8

Action                   || total
-------------------------++-------
Melee: Flail             ||    27
Armor: Scale mail        ||    11
Dodge: Dodged            ||    12
Block: Buckler           ||    12

Table legend: (Time is in decaauts)
 A = Elapsed time spent in this place.
 B = Non-inter-level travel time spent in this place.
 C = Inter-level travel time spent in this place.
 D = Time resting spent in this place.
 E = Time spent auto-exploring this place.
 F = Levels seen in this place.
 G = Mean time per level.
                   A        B        C        D        E       F      G
               +--------+--------+--------+--------+--------+-----+--------+
         Total |    136 |    136 |      0 |      0 |     47 |   2 |   68.0 |
       Dungeon |    136 |    136 |      0 |      0 |     47 |   2 |   68.0 |
               +--------+--------+--------+--------+--------+-----+--------+

Top non-repeatable levels by time:
     D:1: 120 daAuts
     D:2: 16 daAuts
